 Dungeon Crawl Stone Soup version 0.28-a0-563-gf77a47075d (webtiles) character file.

Game seed: 8327075335799946645

196 kae the Skirmisher (level 5, 0/47 HPs)
             Began as a Hill Orc Fighter on Sept 30, 2021.
             Succumbed to a kobold brigand's poison
             ... on level 3 of the Dungeon.
             The game lasted 00:03:19 (2930 turns).

kae the Skirmisher (Hill Orc Fighter)               Turns: 2930, Time: 00:03:20

Health: 0/47       AC: 11    Str: 20    XL:     5   Next: 74%
Magic:  5/5        EV:  9    Int:  8    God:
Gold:   36         SH:  4    Dex: 10    Spells: 4/4 levels left

rFire   . . .      SeeInvis .   a - +1 war axe
rCold   . . .      Faith    .   c - +0 buckler
rNeg    . . .      Spirit   .   b - +0 scale mail
rPois   .          Reflect  .   (no helmet)
rElec   .          Harm     .   (no cloak)
rCorr   .          Rampage  .   (no gloves)
Will    .....                   (no boots)
Stlth   ..........              (no amulet)
HPRegen 0.15/turn               e - +4 ring of protection
MPRegen 0.09/turn               (no ring)

@: lethally poisoned (0 -> -4), attractive
A: no striking features
a: no special abilities


You were on level 3 of the Dungeon.
You visited 1 branch of the dungeon, and saw 3 of its levels.

You collected 36 gold pieces.

Inventory:

Hand Weapons
 a - a +1 war axe (weapon)
Armour
 b - a +0 scale mail (worn)
 c - a +0 buckler (worn)
Jewellery
 e - a +4 ring of protection (left hand)
 m - a ring of flight
Wands
 k - a wand of polymorph (7)
Scrolls
 g - a scroll of identify
 h - a scroll of noise
Potions
 d - a potion of might
 f - a potion of lignification
 j - 3 potions of flight
 l - a potion of magic


   Skills:
 + Level 4.9 Fighting
 + Level 4.4 Axes
 + Level 4.4 Armour
 + Level 4.4 Shields


You had 4 spell levels left.
You didn't know any spells.
Your spell library contained the following spells:

 Spells                   Type           Power      Damage    Failure   Level
 Conjure Flame            Conj/Fire      0%         6-21      98%         3
 Ignite Poison            Fire/Tmut/Pois 0%         N/A       98%         3
 Mephitic Cloud           Conj/Pois/Air  0%         N/A       98%         3
 Sticky Flame             Conj/Fire      0%         2d3       100%        4
 Freezing Cloud           Conj/Ice/Air   0%         6-21      100%        5


Dungeon Overview and Level Annotations

Branches:
Dungeon (3/15)

Altars:


Message History

You feel sick.
You feel sick.
You feel sick.
You feel sick.
The kobold brigand throws a poisoned dart.
The poisoned dart hits you!
You are more poisoned.
You feel very sick.
You feel sick.
You feel sick.
You see here a bat corpse.
You feel sick.
It was a potion of attraction.
You feel attractive to monsters.
You feel sick.
The hobgoblin hits you but does no damage.
Okay, then.
You feel sick.
You feel sick.
The kobold brigand is attracted toward you.
You feel sick.
You feel sick.
You are no longer poisoned.
The kobold brigand is attracted toward you.
The kobold brigand throws a poisoned dart.
The poisoned dart hits you!
You are lethally poisoned!
The kobold brigand is attracted toward you.
* * * LOW HITPOINT WARNING * * *
You feel sick.
Things that are here:
a +0 dagger; a +0 hunting sling; 18 stones
* * * LOW HITPOINT WARNING * * *
You feel sick.
Items here: ))) [[.
* * * LOW HITPOINT WARNING * * *
You feel sick.
The kobold brigand is attracted toward you.
The kobold is attracted toward you.
You die...

#.....⌠⌠†≈≈≈..........# #.#
#.....................# #.##
#...........#.........# #..#
#...........#.........# ##.#
##...........#.........####.##
.............'...............#
##############.........###.#.#
#..............# #.#.#
#......)@####### #.#..
#........#########.##..
#.......gK.........# ..#
#########)§........# ..#
#..........+ ... #K.......
#........ #........ ####
#########§......[


You could see a kobold brigand, a hobgoblin and a kobold.

Vanquished Creatures
  Robin (D:3)
  3 gnolls (D:3)
  6 adders
  4 dart slugs
  3 bats
  5 endoplasms
  4 giant cockroaches
  14 goblins
  9 hobgoblins
  4 jackals (D:2)
  2 quokkas
  3 ball pythons
  8 frilled lizards
  22 kobolds
  6 rats
94 creatures vanquished.

Vanquished Creatures (others)
  2 fungi (D:3)
2 creatures vanquished.

Grand Total: 96 creatures vanquished

Notes
Turn   | Place    | Note
-------+----------+-------------------------------------------
     0 | D:1      | kae the Hill Orc Fighter began the quest for the Orb.
     0 | D:1      | Reached XP level 1. HP: 19/19 MP: 1/1
   179 | D:1      | Reached XP level 2. HP: 27/27 MP: 2/2
   497 | D:1      | Reached XP level 3. HP: 33/33 MP: 3/3
  1510 | D:2      | Reached XP level 4. HP: 37/40 MP: 4/4
  2458 | D:3      | Noticed Robin
  2469 | D:3      | Killed Robin
  2472 | D:3      | Reached XP level 5. HP: 35/46 MP: 5/5
  2559 | D:3      | Found a faded altar of an unknown god.
  2879 | D:3      | Noticed a kobold brigand
  2927 | D:3      | HP: 2/47 [poisoned by a kobold brigand]
  2930 | D:3      | Succumbed to a kobold brigand's poison

Illustrated notes

Levels and vault maps discovered:
D:1:      nagdon_arrival_zigzag_paths, layout_basic
D:2:      layout_basic
D:3:      minmay_goblin_kobold_castle, layout_basic,
          shapermc_ecumenical_altar_acropolis, uniq_robin

Skill      XL: |  1  2  3  4 |
---------------+-------------+-----
Axes           | 3 4 |  4.4
Fighting       | 4 |  4.9
Armour         | 4 |  4.4
Shields        | 4 |  4.4

Action                   |  1- 3 |  4- 6 || total
-------------------------+-------+-------++-------
Melee: War axe           |    89 |   128 ||   217
  Use: Scroll            |     2 |     5 ||     7
       Potion            |       |     1 ||     1
Armor: Scale mail        |    43 |    78 ||   121
Dodge: Dodged            |    43 |    66 ||   109
Block: Buckler           |    18 |    26 ||    44

Table legend: (Time is in decaauts)
 A = Elapsed time spent in this place.
 B = Non-inter-level travel time spent in this place.
 C = Inter-level travel time spent in this place.
 D = Time resting spent in this place.
 E = Time spent auto-exploring this place.
 F = Levels seen in this place.
 G = Mean time per level.
                   A        B        C        D        E       F      G
               +--------+--------+--------+--------+--------+-----+--------+
         Total |   2998 |   2845 |    153 |     28 |   2272 |   3 |  999.3 |
       Dungeon |   2998 |   2845 |    153 |     28 |   2272 |   3 |  999.3 |
               +--------+--------+--------+--------+--------+-----+--------+

Top non-repeatable levels by time:
     D:2: 1232 daAuts
     D:1: 1159 daAuts
     D:3: 607 daAuts
